AoeStats
← AdmiralPusss

Arabia

503193757Analyzed
2v2 RM · 1mo ago on Aug 30, 2026· 53m 12s· 4 players
Game mode
Random Map
Map size
Medium (4 player)
Population
200
Speed
Normal
Resources
Standard
Victory
Conquest
Starting age
Dark Age
Ending age
Imperial Age
RankedLock teamsTeams togetherTeam positionsShared explorationLock speedFull tech treeHidden civsTurbo modeCheats
Victory
Defeat
🇮🇳 Teutons · India
831
+13
🇮🇳 Britons · India
823
+13
🇧🇩 Franks · Bangladesh
768
-28
🇧🇩 Maya · Bangladesh
768
-28
MGtheEvil
6:48 Loom
12:39 Feudal Age
13:24 Double-Bit Axe
17:11 Forging
22:04 Scale Barding Armor
24:23 Castle Age
22:31 Gold Mining
26:25 Wheelbarrow
27:22 Scale Barding Armor
28:37 Chain Barding Armor
28:53 Iron Casting
30:54 Town Watch
31:32 Husbandry
34:55 Stone Mining
36:46 Fletching
38:53 Hand Cart
42:50 Imperial Age
40:59 Bow Saw
41:20 Fervor
44:21 Conscription
44:09 Bodkin Arrow
45:19 #83
45:14 Elite Skirmisher
45:56 Padded Archer Armor
47:25 Elite Throwing Axeman
48:32 Cavalier
Nayem
2:54 Loom
13:14 Feudal Age
17:07 Double-Bit Axe
19:53 Castle Age
20:43 Wheelbarrow
20:17 Horse Collar
20:07 Elite Skirmisher
23:20 Padded Archer Armor
23:11 Fletching
24:28 Hand Cart
26:15 Leather Archer Armor
25:56 Bodkin Arrow
26:34 Crossbowman
28:51 Eagle Warrior
29:41 Gold Mining
29:47 Stone Mining
32:08 Heavy Plow
34:21 Bow Saw
33:56 Pikeman
42:06 Caravan
43:02 Coinage
43:31 Thumb Ring
45:31 Ballistics
48:18 Stone Shaft Mining
50:53 Forging
50:43 Scale Mail Armor
AdmiralPusss
9:31 Feudal Age
16:54 Castle Age
16:22 Double-Bit Axe
16:19 Horse Collar
17:14 Crossbowman
18:17 Loom
20:09 Fletching
20:19 Padded Archer Armor
20:20 Gold Mining
21:59 Wheelbarrow
22:16 Bow Saw
30:13 Squires
34:23 Ballistics
33:58 Murder Holes
34:52 Stone Mining
36:18 Hand Cart
35:48 Town Watch
36:21 Leather Archer Armor
35:45 Pikeman
40:39 Yeomen
42:28 Gold Shaft Mining
46:05 Imperial Age
44:58 Bodkin Arrow
45:14 Forging
45:10 Scale Barding Armor
47:24 Halberdier
47:26 Arbalester
48:12 Bracer
Doctor Strange
0:54 Loom
1:52 Loom
10:28 Feudal Age
10:57 Horse Collar
11:05 Double-Bit Axe
19:59 Castle Age
19:48 Gold Mining
19:48 Stone Mining
20:12 Scale Barding Armor
21:36 Wheelbarrow
21:52 Bow Saw
21:44 Heavy Plow
24:00 Bloodlines
31:41 Forging
31:51 Chain Barding Armor
34:32 Hand Cart
34:09 Town Watch
35:20 Iron Casting
38:05 Town Patrol
40:36 Imperial Age
39:31 Pikeman
40:15 Squires
40:01 Arson
44:28 Conscription
44:28 Crenellations
44:53 Hoardings
44:18 Halberdier
45:02 Cavalier
52:14 Plate Barding Armor
52:40 Blast Furnace
52:08 Ballistics
52:49 Chemistry
51:56 Siege Engineers
Connection lost

Rejoining the realm…

Still unreachable

The connection could not be restored.

Session expired

The server has moved on; the page needs a fresh start.